 Dungeon Crawl Stone Soup version 0.22-a0-379-ga9d99d6 (webtiles) character file.

4268 b5mith the Basher (level 10, -3/99 HPs)
             Began as a Minotaur Berserker on Apr 28, 2018.
             Was an Elder of Trog.
             Slain by a hound (4 damage)
             ... while paralysed
             ... on level 8 of the Dungeon.
             The game lasted 00:15:26 (7393 turns).

b5mith the Basher (Minotaur Berserker)              Turns: 7393, Time: 00:15:26

Health: -3/99      AC:  7    Str: 24    XL:     10   Next: 10%
Magic:  9/9        EV:  2    Int:  4    God:    Trog [****..]
Gold:   88         SH:  0    Dex: 11    Spells: 9/9 levels left

rFire    . . .     SeeInvis .   a - +0 whip (freeze)
rCold    . . .     Gourm    .   (no shield)
rNeg     + + .     Faith    .   k - +0 ring mail (curse)
rPois    +         Spirit   .   (helmet restricted)
rElec    +         Reflect  .   (no cloak)
rCorr    .         Harm     .   H - +0 pair of gloves of the Moon Troll {rElec rN+ Stlth+}
MR       .....                  z - +0 pair of boots (curse)
Stlth    ++........             (no amulet)
HPRegen  0.26/turn              f - ring of positive energy
MPRegen  0.11/turn              J - ring of poison resistance

@: paralysed, berserk cooldown, slowed
A: retaliatory headbutt, horns 2
a: Berserk, Trog's Hand, Brothers in Arms, Renounce Religion


You were on level 8 of the Dungeon.
You worshipped Trog.
Trog was greatly pleased with you.
You were hungry.

You visited 1 branch of the dungeon, and saw 8 of its levels.

You collected 468 gold pieces.
You spent 380 gold pieces at shops.

Inventory:

Hand Weapons
 a - a +0 whip of freezing (weapon)
   (You took it off a kobold on level 1 of the Dungeon)
 h - a +0 mace
Missiles
 s - 28 tomahawks (quivered)
 G - 7 steel javelins
Armour
 b - a +0 animal skin
 k - a cursed +0 ring mail (worn)
   (You found it on level 1 of the Dungeon)
 z - a cursed +0 pair of boots (worn)
   (You found it on level 4 of the Dungeon)
 E - the +1 cloak of the Suburbs {rElec rPois Str-2 Slay+4}
   (You bought it in a shop on level 8 of the Dungeon)

   It affects your strength (-2).
   It affects your accuracy and damage with ranged weapons and melee attacks
   (+4).
   It insulates you from electricity.
   It protects you from poison.
 F - a +0 pair of gloves
   (You found it on level 7 of the Dungeon)
 H - the +0 pair of gloves of the Moon Troll (worn) {rElec rN+ Stlth+}
   (You bought it in a shop on level 8 of the Dungeon)

   It insulates you from electricity.
   It protects you from negative energy.
   It makes you more stealthy.
Jewellery
 f - a ring of positive energy (left hand)
   (You found it on level 1 of the Dungeon)
 w - an uncursed ring of wizardry
   (You found it on level 7 of the Dungeon)
 D - an uncursed ring of positive energy
   (You found it on level 6 of the Dungeon)
 J - a ring of poison resistance (right hand)
   (You found it on level 8 of the Dungeon)
Wands
 v - a wand of paralysis (29)
   (You found it on level 4 of the Dungeon)
 x - a wand of random effects (19)
   (You found it on level 4 of the Dungeon)
 A - a wand of scattershot (13)
   (You took it off Ijyb on level 4 of the Dungeon)
Scrolls
 g - 10 scrolls of identify {unknown}
 i - 2 scrolls of amnesia {unknown}
 j - a scroll of immolation {unknown}
 m - a scroll of noise {unknown}
 o - 4 scrolls of remove curse {unknown}
 q - 3 scrolls of enchant armour {unknown}
 u - 2 scrolls of random uselessness {unknown}
 y - 6 scrolls of teleportation {unknown}
 C - a scroll of magic mapping {unknown}
Potions
 d - 5 potions of degeneration {unknown}
 e - 3 potions of invisibility {unknown}
 l - 2 potions of flight {unknown}
 n - 3 potions of might {unknown}
 p - 3 potions of haste {unknown}
 r - a potion of lignification {unknown}
 t - 5 potions of curing {unknown}
 B - a potion of heal wounds {unknown}
Comestibles
 c - 21 rations
 I - 6 chunks of flesh


   Skills:
 + Level 12.5 Fighting
 + Level 12.5 Maces & Flails
 - Level 2.4 Armour
 - Level 2.1 Dodging


You had 9 spell levels left.
You didn't know any spells.

Dungeon Overview and Level Annotations

Branches:
Dungeon (8/15)             Temple (0/1) D:7
   Lair: D:8-11

Altars:
Cheibriados
Gozag
Okawaru

Shops:
D:8 }}[

Annotations:
D:8 Gastronok


Innate Abilities, Weirdness & Mutations

You reflexively headbutt those who attack you in melee.
You have a pair of horns on your head.


Message History

The adder zombie bites you but does no damage.
The ogre hits you with a giant club!!
* * * LOW HITPOINT WARNING * * *
You barely miss the adder zombie. You headbutt the adder zombie.
The adder zombie is moderately damaged.
The hound bites you but does no damage.
The jackal bites you but does no damage.
You thrash the jackal!! You freeze the jackal.
You kill the jackal!
Trog accepts your kill.
The adder zombie bites you but does no damage.
You whack Gastronok! You freeze Gastronok.
Gastronok is lightly wounded.
The hound bites you.
* * * LOW HITPOINT WARNING * * *
You hit Gastronok. You freeze Gastronok.
Gastronok is lightly wounded.
The ogre hits you with a giant club.
* * * LOW HITPOINT WARNING * * *
Gastronok bites you!
* * * LOW HITPOINT WARNING * * *
You whack Gastronok! You freeze Gastronok! You headbutt Gastronok.
Gastronok is moderately wounded.
The hound bites you but does no damage. The adder zombie closely misses you.
You whack Gastronok! You freeze Gastronok.
Gastronok is moderately wounded.
You whack Gastronok! You freeze Gastronok.
Gastronok is heavily wounded.
The hound closely misses you.
You whack Gastronok! You freeze Gastronok.
Gastronok is heavily wounded.
The ogre hits you with a giant club!
* * * LOW HITPOINT WARNING * * *
The adder zombie bites you but does no damage.
The hound bites you but does no damage.
You whack Gastronok! You freeze Gastronok.
Gastronok is severely wounded.
Gastronok bites you!
* * * LOW HITPOINT WARNING * * *
The hound closely misses you. You furiously retaliate!
You headbutt the hound!
There is an open door here.
You see here a necrophage corpse.
You feel a strong urge to attack something.
You are no longer berserk.
You pass out from exhaustion.
You feel yourself slow down. The hound bites you.
* * * LOW HITPOINT WARNING * * *
The hound bites you.
You die...

#....##
#.....#
##....# #....#
###..#
###+########.#
.............#
.............#
.........@...#
.########h####
#OZ.# #..w..#
#.......#
#.......#
#.......#
##.....##
##...##


You could see Gastronok, an ogre, a hound and an adder zombie.

Vanquished Creatures
  The ghost of ShrewdGherkins the Spear-Bearer, a novice DsMo (D:7)
  The ghost of busb the Insei, a novice OpWn (D:5)
  4 hogs (D:7)
  A human (D:7)
  Menkaure (D:5)
  The ghost of Vlans the Magician, an amateur DEFE (D:6)
  An orc warrior (D:6)
  A sky beast (D:8)
  3 phantoms
  3 ogres
  A necrophage (D:8)
  The ghost of busb the Insei, an amateur OpWn of Yredelemnul (D:3)
  6 bullfrogs
  A howler monkey (D:6)
  3 crimson imps
  A hound (D:7)
  5 jellies
  4 orc priests
  8 orc wizards
  2 bullfrog skeletons
  Natasha (D:2)
  Terence (D:3)
  Ijyb (D:4)
  2 iguanas
  7 worker ants
  A killer bee zombie (D:8)
  A hound skeleton (D:5)
  8 gnolls
  6 adders
  A shadow imp (D:5)
  An ooze (D:1)
  3 dart slugs
  6 leopard geckos
  29 orcs
  A giant cockroach (D:1)
  8 goblins
  6 hobgoblins
  8 jackals
  4 quokkas
  9 bats
  A frilled lizard (D:1)
  5 kobolds (D:1)
  A quokka skeleton (D:4)
  7 rats
167 creatures vanquished.

Notes
Turn   | Place    | Note
-------+----------+-------------------------------------------
     0 | D:1      | b5mith the Minotaur Berserker began the quest for the Orb.
     0 | D:1      | Reached XP level 1. HP: 19/19 MP: 0/0
    88 | D:1      | Reached XP level 2. HP: 27/27 MP: 1/1
   768 | D:1      | Reached XP level 3. HP: 34/34 MP: 2/2
   929 | D:2      | Reached ** piety under Trog
  1193 | D:2      | Noticed Natasha
  1199 | D:2      | Killed Natasha
  1199 | D:2      | Reached skill level 5 in Fighting
  1199 | D:2      | Reached skill level 5 in Maces & Flails
  1199 | D:2      | Reached XP level 4. HP: 39/42 MP: 3/3
  1246 | D:2      | Reached XP level 5. HP: 17/48 MP: 4/4
  1918 | D:3      | Noticed busb's ghost (amateur OpWn)
  1926 | D:3      | Killed busb's ghost
  2135 | D:3      | Found an iron altar of Okawaru.
  2153 | D:3      | Noticed a phantom
  2171 | D:3      | Killed a phantom
  2171 | D:3      | Reached XP level 6. HP: 48/58 MP: 5/5
  2511 | D:3      | Noticed Terence
  2515 | D:3      | Killed Terence
  3076 | D:4      | Reached XP level 7. HP: 44/66 MP: 6/6
  3114 | D:4      | Reached *** piety under Trog
  3412 | D:4      | Noticed Ijyb
  3418 | D:4      | Killed Ijyb
  4030 | D:5      | Entered Level 5 of the Dungeon
  4035 | D:5      | Found an opulent altar of Gozag.
  4346 | D:5      | Noticed busb's ghost (novice OpWn)
  4368 | D:5      | Noticed Menkaure
  4370 | D:5      | Killed busb's ghost
  4370 | D:5      | Reached XP level 8. HP: 68/77 MP: 7/7
  4377 | D:5      | Killed Menkaure
  4991 | D:6      | Noticed Vlans's ghost (amateur DEFE)
  4999 | D:6      | Killed Vlans's ghost
  5130 | D:6      | Reached skill level 10 in Fighting
  5130 | D:6      | Reached skill level 10 in Maces & Flails
  5887 | D:6      | Reached XP level 9. HP: 86/86 MP: 8/8
  6147 | D:7      | Reached **** piety under Trog
  6245 | D:7      | Noticed ShrewdGherkins's ghost (novice DsMo)
  6270 | D:7      | Killed ShrewdGherkins's ghost
  6494 | D:7      | Received a gift from Trog
  6901 | D:7      | Found a snail-covered altar of Cheibriados.
  6950 | D:7      | Found a staircase to the Ecumenical Temple.
  7040 | D:8      | Found Ytwaby's Antique Armour Shoppe.
  7166 | D:8      | Bought a twisted cloak for 190 gold pieces
  7171 | D:8      | Identified the +1 cloak of the Suburbs {rElec rPois Str-2 Slay+4} (You bought it in a shop on level 8 of the Dungeon)
  7176 | D:8      | Bought a pair of polished gloves for 190 gold pieces
  7186 | D:8      | Identified the +0 pair of gloves of the Moon Troll {rElec rN+ Stlth+} (You bought it in a shop on level 8 of the Dungeon)
  7188 | D:8      | Found Voastou's Gadget Boutique.
  7210 | D:8      | Reached XP level 10. HP: 97/99 MP: 9/9
  7226 | D:8      | Found Komn's Gadget Shop.
  7368 | D:8      | Noticed Gastronok
  7390 | D:8      | HP: 4/148 [Gastronok (16)]
  7393 | D:8      | HP: 1/99 [hound (3)]
  7393 | D:8      | Slain by a hound

Vault maps used:
D:1:      dpeg_arrival_morbid_curiosity, hangedman_decor_push
D:2:      uniq_natasha
D:3:      minmay_misc_feat_chi, grunt_decor_arrowhead, okawaru_gym_becter,
          uniq_terence
D:4:      uniq_ijyb
D:5:      first_ration, hangedman_abyss_or_decor_slice, grunt_gozag_statues,
          uniq_menkaure
D:6:      lightli_orcish_oven
D:7:      kennysheep_mini_moat, temple_hall_moat, grunt_livestock
D:8:      minmay_opposing_rooms, serial_shops, shop, shop,
          nicolae_shop_overgrown_old_shop, uniq_gastronok

Skill      XL: |  1  2  3  4  5  6  7  8  9 |
---------------+----------------------------+-----
Fighting       | 4 5 6 7 8 10 12 | 12.5
Maces & Flails | 4 5 6 7 8 10 12 | 12.5
Armour         | |  2.4
Dodging        | |  2.1

Action                   |  1- 3 |  4- 6 |  7- 9 | 10-12 || total
-------------------------+-------+-------+-------+-------++-------
Melee: Mace              |    14 |       |       |       ||    14
       Whip              |    65 |    90 |   314 |    34 ||   503
       Headbutt          |     8 |    14 |    75 |     8 ||   105
Invok: Berserk           |       |     1 |     1 |     1 ||     3
  Eat: Chunk             |     1 |     3 |    10 |     1 ||    15
       Ration            |       |     1 |     1 |       ||     2
Armor: Animal skin       |     2 |       |       |       ||     2
       Ring mail         |    26 |    29 |    54 |    12 ||   121
Dodge: Dodged            |    64 |    46 |   105 |    15 ||   230

Table legend:
 A = Spawn XP
 B = Non-spawn XP
 C = Spawn XP percentage of total XP
 D = Spawn monster count
 E = Non-spawn monster count
 F = Spawn count percentage of total count
 G = Total turns spent on level
                    A         B        C        D         E        F      G
               +---------+---------+-------+---------+---------+-------+---------
         Total |       0 |    6098 |   0.0 |       0 |     167 |   0.0 |  7393
               +---------+---------+-------+---------+---------+-------+---------
           D:1 |       0 |      48 |   0.0 |       0 |      26 |   0.0 |   839
           D:2 |       0 |     164 |   0.0 |       0 |      24 |   0.0 |  1062
           D:3 |       0 |     289 |   0.0 |       0 |      10 |   0.0 |   885
           D:4 |       0 |     443 |   0.0 |       0 |      19 |   0.0 |  1244
           D:5 |       0 |     987 |   0.0 |       0 |      20 |   0.0 |   961
           D:6 |       0 |     928 |   0.0 |       0 |      24 |   0.0 |  1071
           D:7 |       0 |    2504 |   0.0 |       0 |      30 |   0.0 |   956
           D:8 |       0 |     735 |   0.0 |       0 |      14 |   0.0 |   375
               +---------+---------+-------+---------+---------+-------+---------
